 Dungeon Crawl Stone Soup version 0.22-a0-618-gd6a3efe (webtiles) character file.

822169 Supahsalami the Conqueror (level 27, -5/269 (273) HPs)
             Began as a Minotaur Berserker on July 13, 2018.
             Was a High Priest of Trog.
             Slain by a vampire mage (8 damage)
             ... on level 3 of the Abyss on July 14, 2018.
             The game lasted 10:21:57 (100533 turns).

Supahsalami the Conqueror (Minotaur Berserker)    Turns: 100533, Time: 10:21:58

HP:   -5/269 (273)  AC: 56    Str: 37 (39) XL:     27
MP:   9/9           EV: 20    Int: 13      God:    Trog [*****.]
Gold: 3268          SH: 42    Dex: 13      Spells: 26/26 levels left

rFire    + + +     SeeInvis .   a - +8 broad axe (antimagic)
rCold    + + +     Gourm    .   W - +3 large shield
rNeg     + . .     Faith    .   k - +9 crystal plate armour of the Ecumenical Temple {rPois Stlth+}
rPois    +         Spirit   .   P - +2 hat "Qeassail" {Str+2}
rElec    +         Reflect  +   Y - +2 cloak {MR+}
rCorr    .         Harm     .   K - +2 pair of gloves {Str+3}
MR       +++++                  N - +2 pair of boots {run}
Stlth    ..........             p - +6 amulet of reflection
HPRegen  0.00/turn              D - ring "Qoklyr" {*Contam rElec rC+++ rN+ Str+6}
MPRegen  0.11/turn              t - ring of Suspected Treachery {rF+++ rC- MR++ Int+3 Stlth-}

@: non-regenerating, badly diseased, drained, quick
A: retaliatory headbutt, horns 2, repulsion field 1, iridescent scales 1, large
bone plates 1, clever 1, cold resistance 1, deterioration 1, fire resistance 1
}: 5/15 runes: barnacled, slimy, silver, icy, gossamer
a: Berserk, Trog's Hand, Brothers in Arms, Renounce Religion


You were on level 3 of the Abyss.
You worshipped Trog.
Trog was extremely pleased with you.
You were not hungry.

You visited 16 branches of the dungeon, and saw 68 of its levels.
You visited the Abyss 1 time.
You also visited: Trove, Bailey, Ice Cave and Volcano.

You collected 9507 gold pieces.
You spent 6239 gold pieces at shops.

Inventory:

Hand Weapons
 a - a +8 antimagic broad axe (weapon)
 b - the +10 flail "Mixisorute" {speed, rF+ rN+}
   (You found it in a treasure trove)

   Attacks with this weapon are significantly faster.
   It protects you from fire.
   It protects you from negative energy.
 c - the +10 zealot's sword {holy, *Rage rN+ EV+3}
   (You found it on level 1 of the Shoals)

   It has been blessed by the Shining One to cause great damage to the undead
   and demons.
   It affects your evasion (+3).
   It protects you from negative energy.
   It may make you go berserk in combat.
 H - a +4 hand crossbow of freezing
 J - the +7 demon blade of Izeufiff {slice, Str-4 Int+4}
   (Trog gifted it to you on level 7 of Cocytus)

   It inflicts extra damage upon your enemies.
   It affects your strength (-4).
   It affects your intelligence (+4).
Missiles
 d - 186 bolts
Armour
 k - the +9 crystal plate armour of the Ecumenical Temple (worn) {rPois Stlth+}
   (You acquired it on level 2 of the Orcish Mines)

   It protects you from poison.
   It makes you more stealthy.
 z - the +4 pair of boots of Hospitality {rC+ MR+ Int+2 Stlth+}
   (You found it in an ice cave)

   It affects your intelligence (+2).
   It protects you from cold.
   It affects your resistance to hostile enchantments.
   It makes you more stealthy.
 K - a +2 pair of gloves of strength (worn)
 N - a +2 pair of boots of running (worn)
 O - a +3 plate armour
 P - the +2 hat "Qeassail" (worn) {Str+2}
   (You acquired it on level 1 of the Crypt)

   It affects your strength (+2).
 W - a +3 large shield (worn)
 Y - a +2 cloak of magic resistance (worn)
Jewellery
 p - a +6 amulet of reflection (around neck)
 q - a +3 amulet of reflection
 t - the ring of Suspected Treachery (right hand) {rF+++ rC- MR++ Int+3 Stlth-}
   (You took it off a deep elf knight on level 3 of the Elven Halls)

   [ring of intelligence]

   It affects your intelligence (+3).
   It renders you almost immune to fire.
   It makes you vulnerable to cold.
   It affects your resistance to hostile enchantments.
   It makes you less stealthy.
 D - the ring "Qoklyr" (left hand) {*Contam rElec rC+++ rN+ Str+6}
   (You bought it in a shop on level 3 of the Elven Halls)

   [ring of positive energy]

   It affects your strength (+6).
   It renders you almost immune to cold.
   It insulates you from electricity.
   It protects you from negative energy.
   It causes magical contamination when unequipped.
 F - the ring of Sacaluc {rCorr rF- rC++}
   (You took it off a fire giant on level 5 of the Vaults)

   [ring of resist corrosion]

   It makes you vulnerable to fire.
   It greatly protects you from cold.
Wands
 n - a wand of digging (37)
 s - a wand of disintegration (26)
 L - a wand of paralysis (118)
 R - a wand of acid (79)
Scrolls
 g - 15 scrolls of teleportation
 h - 15 scrolls of remove curse
 r - 8 scrolls of magic mapping
 u - 4 scrolls of identify
 x - 2 scrolls of silence
 y - 4 scrolls of summoning
 E - 7 scrolls of fear
 I - a scroll of holy word
 M - 2 scrolls of blinking
 S - 8 scrolls of immolation
 Z - 3 scrolls of fog
Potions
 e - 2 potions of curing
 i - 13 potions of might
 v - 6 potions of agility
 w - a potion of haste
 B - 7 potions of invisibility
 C - 5 potions of brilliance
 G - 6 potions of cancellation
 U - 3 potions of resistance
 V - 3 potions of flight
Miscellaneous
 f - a sack of spiders
 j - a phantom mirror
 m - the horn of Geryon
 o - a phial of floods
 A - a lamp of fire (inert)
 T - a box of beasts
Comestibles
 l - 20 rations


   Skills:
 O Level 27(26.6) Fighting
 * Level 22.6(22.3) Long Blades
 O Level 27(26.6) Axes
 + Level 13.0(21.3) Maces & Flails
   Level 7.8(19.5) Polearms
 * Level 1.9(1.8) Crossbows
 O Level 27(26.6) Armour
 * Level 19.0(18.7) Dodging
 O Level 27(26.6) Shields
 - Level 9.5(9.3) Evocations


You had 26 spell levels left.
You didn't know any spells.
Your spell library contained the following spells:

 Spells                   Type           Power        Failure   Level  Hunger
 Fireball                 Conj/Fire      #.........   100%        5    ######.
 Bolt of Cold             Conj/Ice       #.........   100%        6    #######
 Freezing Cloud           Conj/Ice/Air   #.........   100%        6    #######
 Ozocubu's Refrigeration  Ice            #.........   100%        6    #######
 Ozocubu's Armour         Chrm/Ice       #.......     98%         3    ####...
 Ice Form                 Ice/Tmut       #.......     100%        4    #####..
 Throw Icicle             Conj/Ice       #.......     100%        4    #####..
 Metabolic Englaciation   Hex/Ice        #.........   100%        5    ######.
 Simulacrum               Ice/Necr       #.........   100%        6    #######


Dungeon Overview and Level Annotations

Branches:
Dungeon (15/15)            Temple (0/1) D:6            Lair (6/6) D:9
 Shoals (4/4) Lair:4       Spider (4/4) Lair:3        Slime (5/5) Lair:6
    Orc (2/2) D:10            Elf (3/3) Orc:2        Vaults (5/5) D:13
  Crypt (3/3) Vaults:2       Tomb (1/3) Crypt:3      Depths (5/5) D:15
   Hell (1/1)                 Dis (1/7) Hell            Geh (1/7) Hell
    Coc (7/7) Hell            Tar (0/7) Hell            Zot (5/5) Depths:5

Altars:
Elyvilon
Fedhas
Gozag
Makhleb
Qazlal
Ru
Trog
Uskayaw
Vehumet
Xom
Yredelemnul
The Shining One
Beogh
Jiyva

Shops:
D:4 =   Orc:2 }:*=   Elf:3 =   Vaults:3 *   Vaults:4 [   Depths:2 [
Depths:4 :   Depths:5 !=

Portals:
Hell: Depths:1 Depths:2 Depths:3 Depths:4 Depths:5
Abyss: Depths:4
Pandemonium: Depths:3
Ziggurat: Depths:5

Annotations:
Depths:4 exclusions: 4 oklob plants and thorn hunter
Coc:7 Antaeus
Zot:5 exclusion: Orb Guardian


Innate Abilities, Weirdness & Mutations

You reflexively headbutt those who attack you in melee.
You have a pair of horns on your head.
You are surrounded by a mild repulsion field. (EV +2)
You are partially covered in iridescent scales. (AC +2)
You are partially covered in large bone plates. (SH +4)
Your mind is acute. (Int +2)
Your flesh is cold resistant. (rC+)
Your body sometimes deteriorates upon taking damage.
Your flesh is heat resistant. (rF+)


Message History

You headbutt the hell hog, but do no damage.
The jiangshi closely misses you. You furiously retaliate!
You headbutt the jiangshi!! You block the jiangshi's attack.
The jiangshi is engulfed in a cloud of scalding steam.
You block the hell hog's attack. Something barely misses you.
Something bites you but does no damage.
The raiju is engulfed in a cloud of scalding steam.
A deafening chorus of shrieks assaults your mind!
* * * LOW HITPOINT WARNING * * *
The jiangshi is engulfed in a cloud of scalding steam. x3
You block the hell hog's attack.
Unholy energy fills the air.
* * * LOW HITPOINT WARNING * * *
The jiangshi is engulfed in a cloud of scalding steam. x2
You block the hell hog's attack.
The jiangshi is engulfed in a cloud of scalding steam.
The sixfirhy is engulfed in a cloud of scalding steam.
The jiangshi is engulfed in a cloud of scalding steam. x2
The sixfirhy is engulfed in a cloud of scalding steam.
Something hits you!
You die... ... ##..## #.....# 3.X...
JXtx##

XXx3.#
##hhh##
#@Vv4x#
##{hWh.#
V33.#.#


nW..... #...... ....#. #..## ..# You could see 4 starcursed masses, a spatial
maelstrom, 2 jiangshi, 2 hell hogs, an ancient zyme, an apocalypse crab, a
sixfirhy, 3 smoke demons, a hungry ghost, 3 raiju, a wraith, a small
abomination, a necrophage and a jelly.

Vanquished Creatures
  the Serpent of Hell (Coc:7)
  An orb of fire (Zot:1)
  Mara (Spider:4)
  3 ancient liches
  A juggernaut (Depths:3)
  22 shard shrikes
  Frederick (Depths:3)
  Geryon (Hell)
  4 curse toes
  2 caustic shrikes
  13 golden dragons
  7 liches
  The ghost of PeterMcNeter the Sorcerer, a veteran DECj of Vehumet (Crypt:1)
  A Tzitzimitl (Coc:7)
  8 bone dragons
  2 electric golems (Zot:5)
  A hellephant (Zot:2)
  A Brimstone Fiend (Geh:1)
  24 tentacled monstrosities
  4 Orb Guardians (Zot:5)
  15 Ice Fiends
  2 deep elf blademasters (Elf:3)
  5 titans (Vaults:5)
  2 deep elf master archers (Elf:3)
  12 quicksilver dragons
  A kraken (Shoals:4)
  9 death cobs
  14 sphinxes
  25 acid blobs
  A thorn hunter (Depths:4)
  Polyphemus (Shoals:3)
  9 ancient champions
  9 shadow dragons
  5 draconian monks
  Roxanne (Shoals:3)
  14 storm dragons
  9 tengu reavers
  A revenant (Crypt:3)
  14 azure jellies
  Ilsuiw (Shoals:4)
  6 fire giants
  9 frost giants
  2 orc warlords (Depths:5)
  7 deep elf sorcerers
  4 draconian stormcallers
  A cacodemon (Hell)
  Aizul (Shoals:4)
  12 draconian scorchers
  5 draconian knights
  4 deep elf elementalists
  5 emperor scorpions
  15 vault wardens
  2 caustic shrike zombies (Depths:1)
  6 ghost moths
  7 draconian shifters
  2 curse skulls (Crypt:2)
  3 caustic shrike skeletons (Crypt:3)
  3 ghouls
  2 spriggan defenders (Depths:5)
  15 very ugly things
  5 war gargoyles
  A juggernaut skeleton (Depths:1)
  8 draconian annihilators
  7 green draconians
  17 reapers
  22 ironheart preservers
  19 stone giants
  3 entropy weavers
  3 elemental wellsprings
  7 vampire knights
  10 black draconians
  5 deep elf demonologists
  A minotaur (Shoals:1)
  16 white draconians
  14 red draconians
  2 spark wasps (Spider:3)
  6 deep elf annihilators
  14 purple draconians
  7 yellow draconians
  3 merfolk javelineers
  5 eidola
  An ettin (shapeshifter) (Depths:2)
  14 merfolk impalers
  A green death (Depths:3)
  Erolcha (D:9)
  9 deep elf death magi
  3 death oozes (Slime:5)
  20 blizzard demons
  11 ettins
  9 jiangshi
  7 deep elf high priests
  11 fire dragons
  2 quicksilver dragon zombies
  Fannar (Lair:1)
  13 great orbs of eyes
  A rakshasa (Abyss:1)
  An ice dragon (shapeshifter) (Vaults:4)
  A kraken zombie (Hell)
  Harold (D:12)
  15 yaktaur captains
  39 vault guards
  33 ice dragons
  5 hydras
  A hell beast (Depths:2)
  2 spriggan air magi
  A monstrous demonspawn (Depths:3)
  A merfolk avatar (Lair:6)
  4 quicksilver dragon skeletons
  Erica (D:8)
  A catoblepas (Shoals:3)
  12 centaur warriors
  9 merfolk aquamancers
  29 dancing weapons
  15 ogre magi
  An alligator snapping turtle (Shoals:3)
  2 satyrs
  9 deep troll shamans
  3 death yaks
  2 death scarabs (Tomb:1)
  5 death knights
  43 two-headed ogres
  7 tengu warriors
  2 titan zombies
  9 vampire magi
  15 deep troll earth magi
  4 spriggan berserkers
  Nergalle (Lair:1)
  4 soul eaters
  An iron golem (Hell)
  Sonja (Lair:1)
  2 shadow wraiths
  19 deep elf knights
  26 hell knights
  5 sun demons (Hell)
  A fire crab (shapeshifter) (Depths:1)
  5 iron trolls
  3 storm dragon zombies
  11 titan skeletons
  A wretched star (Abyss:1)
  75 skeletal warriors
  A fire crab (Lair:3)
  A salamander mystic (Volcano)
  A sixfirhy (Hell)
  4 storm dragon skeletons
  10 wizards
  38 deep trolls
  8 anaconda zombies
  A sea snake (shapeshifter) (Vaults:5)
  8 golden dragon skeletons
  4 unseen horrors
  An iron giant zombie (Crypt:2)
  A ghost moth zombie (Geh:1)
  11 sea snakes
  A golden dragon zombie (Coc:6)
  5 flayed ghosts
  3 tengu zombies (Depths:1)
  19 phantasmal warriors
  22 harpies
  11 deep elf archers
  12 necromancers
  8 anaconda skeletons
  26 wolf spiders
  3 sphinx zombies (Depths:1)
  An obsidian statue (Volcano)
  2 lindwurms (shapeshifter)
  7 orc knights
  2 mana vipers (shapeshifter)
  3 iron dragon zombies (Coc:7)
  A harpy (shapeshifter) (Depths:2)
  56 deep elf magi
  2 wolf spider zombies
  19 orb spiders
  6 shining eyes
  An orc sorcerer (Depths:5)
  12 ironbrand convokers
  28 ugly things
  7 cyclopes
  3 fire giant zombies
  A salamander (shapeshifter) (Vaults:4)
  4 frost giant zombies
  18 fauns
  20 moths of wrath
  A salamander (Volcano)
  3 water nymphs
  3 ice statues
  13 manticores
  12 merfolk sirens
  Maurice (D:8)
  4 rust devils
  3 fire giant skeletons
  3 black mambas
  7 stone giant skeletons
  7 apocalypse crabs (Zot:3)
  18 vault sentinels
  24 elephants
  A dire elephant zombie (Coc:5)
  6 frost giant skeletons
  4 eyes of devastation
  3 torpor snails
  2 smoke demons
  2 gargoyles
  2 spriggan zombies (Depths:1)
  20 spiny frogs
  2 molten gargoyles (Hell)
  3 orange demons
  5 dire elephant skeletons
  A yaktaur (shapeshifter) (Depths:2)
  An efreet (D:6)
  3 hellions
  42 freezing wraiths
  5 rime drakes
  18 demonic crawlers
  A golden dragon simulacrum (IceCv)
  7 komodo dragons
  An ancient zyme (Abyss:1)
  3 anaconda simulacra (IceCv)
  An elf skeleton (Depths:1)
  11 tormentors
  A white draconian zombie (Crypt:2)
  40 ice devils
  A kobold demonologist (D:12)
  5 guardian mummies (Tomb:1)
  The ghost of sking99 the Ruffian, an amateur OgTm (D:4)
  An iron troll zombie (Crypt:1)
  A green draconian skeleton (Crypt:3)
  A grey draconian skeleton (Crypt:3)
  3 red devils
  A komodo dragon (shapeshifter) (Depths:2)
  A ghost moth simulacrum (Coc:1)
  46 yaktaurs
  A catoblepas skeleton (Coc:1)
  A harpy zombie (Coc:6)
  3 tengu conjurers
  14 trolls
  10 hydra zombies
  4 polar bears
  12 hornets
  4 meliai
  A blink frog (shapeshifter) (Depths:2)
  27 jumping spiders
  34 merfolk
  3 wind drakes
  2 harpy skeletons
  7 ettin zombies
  23 blink frogs
  5 bog bodies
  99 slime creatures
  A slime creature (shapeshifter) (Depths:5)
  4 raiju (Abyss:1)
  Prince Ribbit (D:8)
  A fire dragon zombie (Coc:5)
  3 hydra skeletons
  3 ice dragon zombies
  3 alligator skeletons
  18 hippogriffs
  5 alligator zombies
  3 ettin skeletons
  A human simulacrum (Vaults:3)
  4 ice dragon skeletons
  10 dream sheep
  2 air elementals
  10 snapping turtles
  41 flying skulls
  6 shadows
  A stone giant simulacrum (Coc:7)
  A redback (shapeshifter) (Vaults:5)
  A spriggan (shapeshifter) (Vaults:2)
  3 spriggans
  46 yaks
  26 tarantellas
  94 redbacks
  2 fire dragon skeletons
  6 wyverns
  2 dire elephant simulacra (IceCv)
  An elf zombie (Depths:1)
  An ushabti (Tomb:1)
  35 water elementals
  18 wraiths
  3 ynoxinuls
  18 humans (D:13)
  Sigmund (D:5)
  5 basilisks
  2 large abominations (Abyss:1)
  16 golden eyes
  11 fire bats
  3 hungry ghosts
  11 fire elementals
  9 vampire mosquitoes
  4 harpy simulacra (IceCv)
  Menkaure (D:5)
  4 iron troll simulacra (IceCv)
  5 human zombies
  6 hydra simulacra
  A merfolk zombie (Coc:5)
  A naga (Depths:5)
  5 wargs
  10 water moccasins
  2 acid dragons
  7 hell hounds
  2 insubstantial wisps (Abyss:1)
  A deep troll skeleton (Crypt:1)
  A water nymph skeleton (Crypt:3)
  4 floating eyes
  11 porcupines
  8 spiny frog zombies
  A faun skeleton (Crypt:2)
  A torturous demonspawn skeleton (Crypt:2)
  2 spiny frog skeletons (Coc:1)
  11 ice beasts
  5 black bears
  An ettin simulacrum (IceCv)
  2 necrophages (Coc:1)
  A swamp dragon zombie (Coc:5)
  A hornet zombie (D:13)
  3 alligator simulacra
  2 ice dragon simulacra
  A manticore zombie (Coc:7)
  A black bear (shapeshifter) (Depths:3)
  10 eyes of draining
  47 orc warriors
  2 boggarts (Depths:2)
  7 wolves
  43 ogres
  4 phantoms
  An elephant skeleton (Crypt:1)
  2 swamp dragon skeletons
  23 centaurs
  5 human skeletons
  A snapping turtle skeleton (Crypt:3)
  A big kobold (D:14)
  20 crocodiles
  2 manticore skeletons
  A draconian zombie (Crypt:2)
  A komodo dragon zombie (Crypt:3)
  3 small abominations (Abyss:1)
  12 bullfrogs
  3 spiny frog simulacra
  3 scorpions
  8 killer bees
  A water moccasin skeleton (Crypt:3)
  2 spriggan skeletons
  A yak zombie (Crypt:1)
  42 wights
  An electric eel (D:14)
  6 crimson imps
  7 lava snakes (Volcano)
  5 draconian simulacra (IceCv)
  A bullfrog zombie (D:4)
  3 jellies
  A quasit (D:13)
  4 centaur zombies
  A demonspawn zombie (Crypt:2)
  4 bullfrog skeletons
  25 orc wizards
  4 centaur skeletons
  14 orc priests
  10 hounds
  4 iron imps
  A gnoll shaman (D:10)
  4 iguanas
  Terence (D:2)
  A porcupine zombie (Crypt:1)
  Natasha (thrice) (D:3)
  4 hell rats (Hell)
  5 worker ants
  4 spriggan simulacra
  2 troll simulacra (IceCv)
  A wolf simulacrum (IceCv)
  An acid dragon skeleton (Crypt:3)
  A hound zombie (Crypt:3)
  2 ogre skeletons
  2 hound skeletons
  6 mummies
  A worker ant zombie (Crypt:2)
  9 gnolls
  9 adders
  A naga simulacrum (IceCv)
  An ogre simulacrum (IceCv)
  2 shadow imps
  26 white imps
  6 ufetubi
  An ooze (shapeshifter) (Vaults:5)
  An adder zombie (D:6)
  An adder skeleton (D:6)
  3 worms
  3 dart slugs
  5 leopard geckos
  104 orcs
  2 ball pythons
  4 giant cockroaches
  4 goblins
  4 hobgoblins
  20 jackals
  7 quokkas
  7 bats
  5 frilled lizards
  3 jackal skeletons
  8 kobolds
  2 quokka skeletons
  A quokka zombie (Crypt:2)
  7 rats
  3 briar patches (Depths:4)
  6 crawling corpses (Vaults:5)
  A fungus (Lair:4)
  3 plants
  6 tentacles
3230 creatures vanquished.

Vanquished Creatures (collateral kills)
  the Royal Jelly (Slime:5)
  Saint Roka (Vaults:4)
  Arachne (Spider:4)
  The ghost of Vonwuuca the Black Sun, an adept NaWz of Kikubaaqudgha (Shoals:1)
  4 acid blobs
  A shadow dragon (Vaults:5)
  Donald (Spider:4)
  A frost giant (Shoals:4)
  A deep elf sorcerer (Vaults:2)
  An elemental wellspring (Coc:7)
  A stone giant (Vaults:5)
  A deep elf demonologist (Vaults:2)
  A red draconian (Volcano)
  3 merfolk javelineers (Shoals:4)
  2 spark wasps (Spider:4)
  A deep elf death mage (Vaults:2)
  A merfolk impaler (Shoals:1)
  An ettin (Vaults:5)
  A blizzard demon (Coc:7)
  4 ice dragons
  A yaktaur captain (Vaults:5)
  A centaur warrior (Depths:2)
  2 dancing weapons (Elf:1)
  An alligator snapping turtle (Shoals:4)
  3 deep troll shamans
  2 deep troll earth magi
  A deep elf knight (Elf:1)
  4 skeletal warriors (Coc:7)
  A titan skeleton (Crypt:3)
  4 deep trolls
  A flayed ghost (Vaults:4)
  A deep elf archer (Elf:1)
  4 deep elf magi (Elf:1)
  2 harpies (Shoals:1)
  A wolf spider (Spider:4)
  3 orb spiders (Spider:4)
  A golden dragon skeleton (Coc:7)
  3 cyclopes
  An orc knight (Vaults:4)
  3 fauns (Shoals:1)
  A moth of wrath (Spider:4)
  A frost giant skeleton (Coc:5)
  2 black mambas (Lair:6)
  A fire giant skeleton (Coc:7)
  A water nymph (Shoals:4)
  A salamander (Volcano)
  An eye of devastation (Slime:3)
  A dire elephant zombie (Coc:7)
  2 freezing wraiths (Coc:5)
  A demonic crawler (Spider:4)
  A catoblepas zombie (Coc:7)
  6 merfolk
  An ice devil (Coc:4)
  2 yaktaurs (Depths:3)
  A hornet (Spider:4)
  2 jumping spiders (Spider:4)
  2 trolls
  3 bog bodies (Coc:7)
  A hydra skeleton (Coc:7)
  4 snapping turtles
  A polar bear (Lair:6)
  2 hippogriffs
  10 slime creatures
  2 alligator zombies
  8 flying skulls
  A tarantella (Spider:4)
  A redback (Spider:4)
  2 water elementals
  A hungry ghost (Coc:4)
  A spiny frog zombie (Coc:4)
  An orc warrior (Vaults:4)
  A black bear (shapeshifter) (Vaults:4)
  An ogre (Orc:2)
  A crocodile (Lair:6)
  A wight (Crypt:3)
  2 orc wizards (Vaults:5)
  An orc (Vaults:5)
  A crawling corpse (Vaults:5)
142 creatures vanquished.

Vanquished Creatures (others)
  2 deep elf master archers (Elf:3)
  3 eldritch tentacles (Coc:7)
  A draconian knight (Zot:2)
  A very ugly thing (Vaults:5)
  2 stone giants
  A yellow draconian (Zot:3)
  4 merfolk javelineers
  3 yaktaur captains
  2 centaur warriors (Depths:2)
  5 death scarabs (Tomb:1)
  A naga sharpshooter (Depths:5)
  A skeletal warrior (Coc:7)
  3 deep elf archers
  A necromancer (Geh:1)
  3 deep elf magi (Elf:3)
  2 cyclopes
  2 fauns (Shoals:2)
  An apocalypse crab (Zot:3)
  18 yaktaurs
  A hornet (Depths:5)
  A spriggan (Depths:5)
  A small abomination (Abyss:3)
  A spiny frog skeleton (Coc:7)
  An eye of draining (Abyss:3)
  5 centaurs
  2 wights (Geh:1)
  2 hell rats (Hell)
  A mummy (Tomb:1)
  An orc (Depths:5)
  9 fungi
  A lurking horror (Abyss:3)
  21 plants
  18 tentacles
121 creatures vanquished.

Grand Total: 3493 creatures vanquished

Notes
Turn   | Place    | Note
-------+----------+-------------------------------------------
     0 | D:1      | Supahsalami the Minotaur Berserker began the quest for the Orb.
     0 | D:1      | Reached XP level 1. HP: 19/19 MP: 0/0
   249 | D:1      | Reached XP level 2. HP: 24/27 MP: 1/1
   724 | D:2      | Noticed Terence
   730 | D:2      | Killed Terence
   730 | D:2      | Reached XP level 3. HP: 33/33 MP: 2/2
   868 | D:2      | Reached skill level 5 in Axes
   868 | D:2      | Reached XP level 4. HP: 34/40 MP: 3/3
   978 | D:2      | Reached ** piety under Trog
  1417 | D:3      | Found a radiant altar of Vehumet.
  1618 | D:3      | Reached XP level 5. HP: 43/47 MP: 4/4
  1691 | D:3      | Found a basalt altar of Yredelemnul.
  1840 | D:3      | Found a white marble altar of Elyvilon.
  1995 | D:3      | Noticed Natasha
  2002 | D:3      | Killed Natasha
  2299 | D:3      | Found a basalt altar of Yredelemnul.
  2313 | D:3      | Noticed Natasha
  2317 | D:3      | Killed Natasha
  2325 | D:3      | Found a basalt altar of Yredelemnul.
  2543 | D:3      | Noticed Natasha
  2548 | D:3      | Killed Natasha
  2548 | D:3      | Reached skill level 5 in Fighting
  2690 | D:4      | Found Baun's Jewellery Shop.
  2760 | D:4      | Found a sacrificial altar of Ru.
  2770 | D:4      | Reached XP level 6. HP: 56/56 MP: 5/5
  3154 | D:4      | Reached *** piety under Trog
  3203 | D:4      | Found a runed gate.
  3203 | D:4      | Found a runed gate.
  3203 | D:4      | Found a runed gate.
  3210 | D:4      | Noticed sking99's ghost (amateur OgTm)
  3226 | D:4      | Killed sking99's ghost
  3226 | D:4      | Reached skill level 5 in Armour
  3226 | D:4      | Reached XP level 7. HP: 63/63 MP: 6/6
  3501 | D:5      | Entered Level 5 of the Dungeon
  3618 | D:5      | Noticed Menkaure
  3630 | D:5      | Killed Menkaure
  3838 | D:5      | Reached XP level 8. HP: 71/71 MP: 7/7
  3948 | D:5      | Found a glowing golden altar of the Shining One.
  4004 | D:5      | Noticed Sigmund
  4004 | D:5      | Noticed a hippogriff
  4010 | D:5      | Killed a hippogriff
  4024 | D:5      | Killed Sigmund
  4420 | D:6      | Reached skill level 10 in Axes
  4564 | D:6      | Found a staircase to the Ecumenical Temple.
  4611 | D:6      | Reached **** piety under Trog
  4849 | D:6      | Noticed a troll
  4862 | D:6      | Killed a troll
  4862 | D:6      | Reached XP level 9. HP: 65/81 MP: 8/8
  5145 | D:6      | Noticed an efreet
  5157 | D:6      | Killed an efreet
  5534 | D:7      | Found a burning altar of Makhleb.
  5870 | D:7      | Found a blossoming altar of Fedhas.
  5879 | D:7      | Found a sacrificial altar of Ru.
  5882 | D:7      | Found a stormy altar of Qazlal.
  6081 | D:8      | Noticed Prince Ribbit
  6089 | D:8      | Killed Prince Ribbit
  6166 | D:8      | Found a flagged portal.
  6177 | Bailey   | Entered a bailey
  6450 | Bailey   | Reached ***** piety under Trog
  6489 | Bailey   | Reached XP level 10. HP: 74/91 MP: 9/9
  7802 | D:8      | Found an opulent altar of Gozag.
  7899 | D:8      | Got a bone trident
  7903 | D:8      | Identified the +7 trident "Omelette" {freeze, rPois} (You found it on level 8 of the Dungeon)
  7937 | D:8      | Noticed Erica
  7949 | D:8      | Killed Erica
  7949 | D:8      | Reached skill level 10 in Fighting
  7949 | D:8      | Reached skill level 1 in Polearms
  8193 | D:8      | Noticed Maurice
  8209 | D:8      | Killed Maurice
  8209 | D:8      | Reached skill level 10 in Armour
  8464 | D:9      | Found a staircase to the Lair.
  8642 | D:9      | Noticed a two-headed ogre
  8993 | D:9      | Found a hide-covered altar of Uskayaw.
  8999 | D:9      | Killed a two-headed ogre
  8999 | D:9      | Reached XP level 11. HP: 79/102 MP: 10/10
  9142 | D:9      | Received a gift from Trog
  9180 | D:9      | Noticed Erolcha
  9194 | D:9      | Killed Erolcha
  9741 | D:10     | Entered Level 10 of the Dungeon
  9741 | D:10     | Found a staircase to the Orcish Mines.
 10475 | D:10     | Reached skill level 1 in Shields
 10762 | D:11     | Found a bloodstained altar of Trog.
 11143 | D:11     | Noticed a red ugly thing
 11153 | D:11     | Killed a red ugly thing
 11350 | D:11     | Noticed a white ugly thing
 11360 | D:11     | Killed a white ugly thing
 11621 | D:11     | Killed an unseen horror
 12115 | D:12     | Noticed Harold
 12302 | Orc:1    | Entered Level 1 of the Orcish Mines
 12437 | Orc:2    | Entered Level 2 of the Orcish Mines
 12453 | Orc:2    | Reached XP level 12. HP: 108/113 MP: 11/11
 12545 | Orc:2    | Found Ryesedgh's Jewellery Boutique.
 12549 | Orc:2    | Received a gift from Trog
 12594 | Orc:2    | Reached skill level 5 in Shields
 13132 | Orc:2    | Found a roughly hewn altar of Beogh.
 13276 | Orc:2    | Noticed an ogre mage
 13278 | Orc:2    | Reached skill level 15 in Axes
 13284 | Orc:2    | Noticed a two-headed ogre
 13284 | Orc:2    | Noticed a two-headed ogre
 13291 | Orc:2    | Killed an ogre mage
 13299 | Orc:2    | Killed a two-headed ogre
 13304 | Orc:2    | Killed a two-headed ogre
 13316 | Orc:2    | Noticed a two-headed ogre
 13322 | Orc:2    | Noticed an ogre mage
 13322 | Orc:2    | Noticed a two-headed ogre
 13333 | Orc:2    | Found a staircase to the Elven Halls.
 13702 | Orc:2    | Killed a two-headed ogre
 14293 | Orc:2    | Paralysed by an ogre mage for 3 turns
 14305 | Orc:2    | Killed an ogre mage
 14437 | Orc:2    | Killed a two-headed ogre
 14438 | Orc:2    | Noticed a two-headed ogre
 14441 | Orc:2    | Killed a two-headed ogre
 14605 | Orc:2    | Noticed a two-headed ogre
 14613 | Orc:2    | Killed a two-headed ogre
 14867 | Orc:2    | Noticed a two-headed ogre
 14878 | Orc:2    | Killed a two-headed ogre
 14878 | Orc:2    | Reached XP level 13. HP: 88/122 MP: 12/12
 15045 | Orc:2    | Found Kicw's Gadget Shop.
 15093 | Orc:2    | Found Guusm's Book Emporium.
 15094 | Orc:2    | Found Huaclux's Antique Armour Shop.
 15103 | Orc:2    | Found Waenuj's General Store.
 15111 | Orc:2    | Bought a scroll of fog for 28 gold pieces
 15111 | Orc:2    | Bought a scroll of silence for 105 gold pieces
 15111 | Orc:2    | Bought a scroll of magic mapping for 49 gold pieces
 15111 | Orc:2    | Bought a scroll of remove curse for 42 gold pieces
 15329 | Lair:1   | Entered Level 1 of the Lair of Beasts
 15422 | Lair:1   | Noticed Nergalle
 15425 | Lair:1   | Noticed Sonja
 15435 | Lair:1   | Killed Nergalle
 15440 | Lair:1   | Killed Sonja
 15491 | Lair:1   | Noticed Fannar
 15507 | Lair:1   | Killed Fannar
 16443 | Lair:2   | Found a basalt altar of Yredelemnul.
 17582 | Lair:3   | Found a hole to the Spider Nest.
 17776 | Lair:3   | Found a transporter.
 17835 | Lair:3   | Found a transporter.
 17859 | Lair:3   | Received a gift from Trog
 17869 | Lair:3   | Reached skill level 10 in Shields
 18422 | Lair:4   | Found a staircase to the Shoals.
 19433 | Lair:5   | Reached XP level 14. HP: 68/133 MP: 13/13
 19710 | Lair:5   | Reached skill level 1 in Evocations
 20072 | Lair:5   | Reached skill level 15 in Fighting
 20888 | Lair:6   | Entered Level 6 of the Lair of Beasts
 21029 | Lair:6   | Received a gift from Trog
 21110 | Lair:6   | Found a dark tunnel.
 21132 | Volcano  | Entered a volcano
 21223 | Volcano  | Reached skill level 15 in Armour
 21352 | Volcano  | Reached skill level 5 in Polearms
 21352 | Volcano  | Found a bloodstained altar of Trog.
 22036 | Lair:6   | Found a staircase to the Slime Pits.
 22039 | Lair:6   | Found a viscous altar of Jiyva.
 22133 | Lair:6   | Reached XP level 15. HP: 47/141 MP: 17/17
 22613 | Lair:6   | Identified 3 scrolls of acquirement
 22623 | Lair:6   | Got a scorched plate armour
 22629 | Lair:6   | Identified the +6 plate armour of Amorality {Dex+2} (You acquired it on level 6 of the Lair of Beasts)
 23112 | D:12     | Killed Harold
 24403 | D:13     | Found a gate to the Vaults.
 24415 | D:13     | Reached skill level 5 in Evocations
 25119 | D:14     | Found Qegidack's Food Shoppe.
 25797 | D:15     | Entered Level 15 of the Dungeon
 25924 | D:15     | Received a gift from Trog
 25951 | D:15     | Found a staircase to the Depths.
 27021 | Depths:1 | Entered Level 1 of the Depths
 27498 | Spider:1 | Entered Level 1 of the Spider Nest
 27641 | Spider:1 | Reached XP level 16. HP: 147/152 MP: 19/19
 31296 | Spider:3 | Reached ****** piety under Trog
 32255 | Spider:3 | Received a gift from Trog
 32484 | Spider:3 | Got a transparent ring mail
 32495 | Spider:3 | Identified the +1 ring mail of Vete Erahuenn {Dex+3} (You found it on level 3 of the Spider Nest)
 32892 | Spider:3 | Identified the Disquisition on Hurtful Darkness
 33037 | Spider:4 | Entered Level 4 of the Spider Nest
 33284 | Spider:4 | Noticed Mara
 33303 | Spider:4 | Killed Mara
 33710 | Spider:4 | Reached XP level 17. HP: 161/161 MP: 7/22
 33724 | Spider:4 | Got a translucent plate armour
 33739 | Spider:4 | Identified the +1 plate armour "Ytole" {*Corrode rF++ Dex+7} (You found it on level 4 of the Spider Nest)
 33785 | Spider:4 | Noticed Donald
 33795 | Spider:4 | Killed Donald
 34739 | Spider:4 | Noticed Arachne
 34756 | Spider:4 | Killed Arachne
 34770 | Spider:4 | Received a gift from Trog
 35373 | Spider:4 | Reached skill level 15 in Shields
 35643 | Spider:4 | Got a gossamer rune of Zot
 35958 | Slime:1  | Entered Level 1 of the Pits of Slime
 36147 | Slime:1  | Gained mutation: You are resistant to hostile enchantments. (MR+) [a shining eye]
 36393 | Slime:1  | Noticed an acid blob
 36411 | Slime:1  | Killed an acid blob
 37602 | Slime:1  | Noticed an acid blob
 37606 | Slime:1  | Gained mutation: You are dopey. (Int -2) [a shining eye]
 37607 | Slime:1  | Gained mutation: You occasionally shout uncontrollably at your foes. [a shining eye]
 37608 | Slime:1  | Noticed an acid blob
 37616 | Slime:2  | Killed an acid blob
 37750 | Slime:1  | Gained mutation: You are frail. (-10% HP) [a shining eye]
 37750 | Slime:1  | Gained mutation: You tend to lose your temper in combat. [a shining eye]
 37751 | Slime:1  | Gained mutation: Your body sometimes deteriorates upon taking damage. [a shining eye]
 37760 | Slime:3  | Noticed an acid blob
 37760 | Slime:3  | Noticed an acid blob
 37812 | Lair:6   | Lost mutation: Your body sometimes deteriorates upon taking damage. [potion of mutation]
 37812 | Lair:6   | Lost mutation: You are resistant to hostile enchantments. (MR+) [potion of mutation]
 37812 | Lair:6   | Lost mutation: You occasionally shout uncontrollably at your foes. [potion of mutation]
 37812 | Lair:6   | Gained mutation: You are very dopey. (Int -4) [potion of mutation]
 37812 | Lair:6   | Lost mutation: You are frail. (-10% HP) [potion of mutation]
 37813 | Lair:6   | Lost mutation: You tend to lose your temper in combat. [potion of mutation]
 37813 | Lair:6   | Lost mutation: You are very dopey. (Int -4) [potion of mutation]
 37813 | Lair:6   | Gained mutation: Your magical capacity is low. (-10% MP) [potion of mutation]
 37813 | Lair:6   | Gained mutation: You are partially covered in rugged brown scales. (AC +1, +3% HP) [potion of mutation]
 37813 | Lair:6   | Gained mutation: You possess an exceptional clarity of mind. [potion of mutation]
 37894 | Shoals:1 | Entered Level 1 of the Shoals
 38199 | Shoals:1 | Noticed Vonwuuca's ghost (adept NaWz)
 38200 | Shoals:1 | Found a runed gate.
 38200 | Shoals:1 | Found a runed gate.
 38202 | Shoals:1 | Found a runed gate.
 38203 | Shoals:1 | Found the +10 zealot's sword {holy, *Rage rN+ EV+3}
 38356 | Shoals:1 | Received a gift from Trog
 38737 | Shoals:1 | Found a hide-covered altar of Uskayaw.
 38988 | Shoals:1 | Reached XP level 18. HP: 154/178 MP: 6/20
 39091 | Shoals:1 | Killed Vonwuuca's ghost
 40421 | Shoals:2 | Received a gift from Trog
 41788 | Shoals:3 | Noticed Roxanne
 41811 | Shoals:3 | Killed Roxanne
 41812 | Shoals:3 | Identified Roxanne's Reference Book on Earth (You took it off Roxanne on level 3 of the Shoals)
 41896 | Shoals:3 | Noticed Polyphemus
 41921 | Shoals:3 | Killed Polyphemus
 41924 | Shoals:3 | Received a gift from Trog
 42250 | Shoals:4 | Entered Level 4 of the Shoals
 42292 | Shoals:4 | Noticed Aizul
 42319 | Shoals:4 | Killed Aizul
 42881 | Shoals:4 | Got a barnacled rune of Zot
 43313 | Shoals:4 | Received a gift from Trog
 44923 | Shoals:4 | Reached XP level 19. HP: 161/189 MP: 7/21
 45014 | Shoals:4 | Noticed Ilsuiw
 45046 | Shoals:4 | Killed Ilsuiw
 45412 | Orc:2    | Got a brightly glowing crystal plate armour
 45424 | Orc:2    | Identified the +9 crystal plate armour of the Ecumenical Temple {rPois Stlth+} (You acquired it on level 2 of the Orcish Mines)
 45611 | Vaults:1 | Entered Level 1 of the Vaults
 45778 | Vaults:1 | Received a gift from Trog
 45790 | Vaults:1 | Got an iridescent broad axe {god gift}
 45820 | Vaults:1 | Identified the +7 broad axe of Xodaky {elec, rC+ MR- Dex+2} (Trog gifted it to you on level 1 of the Vaults)
 46927 | Vaults:1 | Got a warped iron ring
 47000 | Vaults:1 | Identified the ring of the Cuttlefish {MR+ Dex+2} (You found it on level 1 of the Vaults)
 47644 | Vaults:2 | Received a gift from Trog
 48905 | Vaults:2 | Received a gift from Trog
 49163 | Vaults:2 | Found a staircase to the Crypt.
 49406 | Elf:1    | Entered Level 1 of the Elven Halls
 49490 | Elf:1    | Found a frozen archway.
 49496 | Elf:1    | Reached XP level 20. HP: 203/203 MP: 7/22
 49521 | IceCv    | Entered an ice cave
 50205 | IceCv    | Got a pair of bloodstained boots
 50211 | IceCv    | Identified the +4 pair of boots of Hospitality {rC+ MR+ Int+2 Stlth+} (You found it in an ice cave)
 50911 | Elf:1    | Identified the Compendium of the Goat
 51102 | Elf:1    | Received a gift from Trog
 51786 | Elf:2    | Got a crude trident {venom}
 51787 | Elf:2    | Identified the +7 trident of Ceusotop {venom, -Tele rC+ Dex+6 SInv} (You took it off a deep elf mage on level 2 of the Elven Halls)
 52377 | Elf:2    | Found a huge runed gate.
 52377 | Elf:2    | Found a huge runed gate.
 52377 | Elf:2    | Found a huge runed gate.
 52377 | Elf:2    | Found a huge runed gate.
 52377 | Elf:2    | Found a huge runed gate.
 52472 | Elf:3    | Entered Level 3 of the Elven Halls
 52479 | Elf:3    | Received a gift from Trog
 52508 | Elf:3    | Found Rewet's Jewellery Emporium.
 52551 | Elf:3    | Bought a +6 amulet of reflection for 1111 gold pieces
 52663 | Elf:3    | Bought the ring "Qoklyr" {*Contam rElec rC+++ rN+ Str+6} for 1444 gold pieces
 53317 | Elf:3    | Received a gift from Trog
 53416 | Elf:3    | Identified the +8 falchion of Ehoc Fel {freeze, rElec rF+} (You took it off a deep elf death mage on level 3 of the Elven Halls)
 53419 | Elf:3    | Got a crude wooden ring
 53423 | Elf:3    | Identified the ring of Suspected Treachery {rF+++ rC- MR++ Int+3 Stlth-} (You took it off a deep elf knight on level 3 of the Elven Halls)
 53426 | Elf:3    | Got a transparent eveningstar {elec}
 53450 | Elf:3    | Identified the +4 eveningstar of Aschobb {elec, Int+5} (You took it off a deep elf knight on level 3 of the Elven Halls)
 53613 | Elf:3    | Identified the Papyrus of Supportive Weightlessness
 53630 | Elf:3    | Got faintly glowing swamp dragon scales
 53641 | Elf:3    | Identified the +6 swamp dragon scales of Exka Boxtu {rPois Str+9} (You found it on level 3 of the Elven Halls)
 53845 | Elf:3    | Got a heavily runed steel amulet
 53850 | Elf:3    | Identified the amulet of Iwelom {Gourm Int+2 SInv} (You took it off a deep elf annihilator on level 3 of the Elven Halls)
 53935 | Elf:3    | Got a bronze scale mail
 53941 | Elf:3    | Identified the cursed +0 scale mail "Houxzu" {-Cast +Fly rF++ Stlth+} (You found it on level 3 of the Elven Halls)
 54088 | Elf:3    | Reached skill level 1 in Maces & Flails
 54653 | Elf:2    | Reached XP level 21. HP: 150/215 MP: 7/23
 55441 | Crypt:1  | Entered Level 1 of the Crypt
 55472 | Crypt:1  | Found a runed gate.
 55516 | Crypt:1  | Found a runed gate.
 55532 | Crypt:1  | Noticed PeterMcNeter's ghost (veteran DECj)
 55565 | Crypt:1  | Found a runed gate.
 55583 | Crypt:1  | Killed PeterMcNeter's ghost
 56390 | Crypt:1  | Got a dazzling hat
 56396 | Crypt:1  | Identified the +0 hat of Xonwif {Int+2 Stlth+} (You acquired it on level 1 of the Crypt)
 56399 | Crypt:1  | Got a translucent hat
 56410 | Crypt:1  | Identified the +2 hat "Qeassail" {Str+2} (You acquired it on level 1 of the Crypt)
 57188 | Crypt:2  | Received a gift from Trog
 57817 | Crypt:3  | Entered Level 3 of the Crypt
 58138 | Crypt:3  | Got an obsidian-encrusted leather armour
 58149 | Crypt:3  | Identified the cursed +0 leather armour "Rexamaulif" {*Drain rN+++ Dex-4 Stlth+} (You found it on level 3 of the Crypt)
 58230 | Crypt:3  | Found a staircase to the Tomb.
 58324 | Crypt:3  | Received a gift from Trog
 58699 | Crypt:3  | Noticed an ancient lich
 58710 | Crypt:3  | Killed an ancient lich
 58710 | Crypt:3  | Reached XP level 22. HP: 226/226 MP: 24/24
 58823 | Crypt:3  | Got a ruby-encrusted ring mail
 58837 | Crypt:3  | Identified the +5 ring mail of Existentialism {Str+4} (You found it on level 3 of the Crypt)
 58861 | Crypt:3  | Got a jewelled great mace
 58870 | Crypt:3  | Identified the cursed +3 great mace "Xedak" {speed, Int+4} (You found it on level 3 of the Crypt)
 58902 | Crypt:3  | Noticed a curse toe
 59160 | Crypt:3  | Received a gift from Trog
 59199 | Crypt:3  | Killed a curse toe
 59215 | Crypt:3  | Identified the Collected Works on Evil
 59737 | Tomb:1   | Entered Level 1 of the Tomb of the Ancients
 60836 | Depths:1 | Found the +9 sword of Zonguldrok {reap}
 61406 | Depths:1 | Found a gateway to Hell.
 61749 | Depths:2 | Received a gift from Trog
 61965 | Depths:2 | Received a gift from Trog
 62218 | Depths:2 | Found a portal to a secret trove of treasure.
 62317 | Depths:2 | Paralysed by a floating eye for 3 turns
 62361 | Depths:2 | Found Xyxiu's Armour Shoppe.
 62790 | Depths:3 | Noticed a juggernaut
 62853 | Depths:3 | Noticed Frederick
 63242 | Depths:3 | Reached XP level 23. HP: 221/238 MP: 25/25
 63609 | Depths:4 | Found Burel's Book Shoppe.
 63741 | Depths:4 | Received a gift from Trog
 63848 | Depths:3 | Found a one-way gate leading to the halls of Pandemonium.
 63947 | Depths:3 | Killed Frederick
 63947 | Depths:3 | Received a gift from Trog
 64298 | Depths:3 | Killed a juggernaut
 65404 | Depths:4 | Found a one-way gate to the infinite horrors of the Abyss.
 66133 | Depths:5 | Entered Level 5 of the Depths
 66232 | Depths:5 | Received a gift from Trog
 67939 | D:14     | Bought a ration for 70 gold pieces
 67939 | D:14     | Bought a ration for 70 gold pieces
 67939 | D:14     | Bought a ration for 70 gold pieces
 67939 | D:14     | Bought a ration for 70 gold pieces
 67939 | D:14     | Bought a ration for 70 gold pieces
 67939 | D:14     | Bought a ration for 70 gold pieces
 67939 | D:14     | Bought a ration for 70 gold pieces
 67939 | D:14     | Bought a ration for 70 gold pieces
 67939 | D:14     | Bought a ration for 70 gold pieces
 67939 | D:14     | Bought a ration for 70 gold pieces
 67939 | D:14     | Bought a ration for 70 gold pieces
 67939 | D:14     | Bought a ration for 70 gold pieces
 68838 | Vaults:3 | Reached skill level 1 in Long Blades
 69556 | Vaults:3 | Reached skill level 5 in Long Blades
 69897 | Vaults:3 | Reached XP level 24. HP: 250/250 MP: 25/25
 69898 | Vaults:3 | Received a gift from Trog
 69916 | Vaults:3 | Got a slimy flail {god gift}
 69917 | Vaults:3 | Identified the +4 flail "Oweesur" {speed, rPois} (Trog gifted it to you on level 3 of the Vaults)
 70226 | Vaults:3 | Found Lajif's Assorted Antiques.
 70394 | Vaults:3 | Found the +9 heavy crossbow "Sniper" {velocity, Acc+∞ SInv}
 70672 | Vaults:4 | Received a gift from Trog
 71087 | Vaults:4 | Found a shimmering altar of Xom.
 71369 | Vaults:4 | Found Ejityh's Armour Shop.
 71806 | Vaults:4 | Received a gift from Trog
 71845 | Vaults:4 | Noticed Saint Roka
 71864 | Vaults:4 | Killed Saint Roka
 72609 | Vaults:5 | Entered Level 5 of the Vaults
 73007 | Vaults:5 | Reached XP level 25. HP: 173/261 MP: 25/25
 73180 | Vaults:5 | Received a gift from Trog
 73380 | Vaults:5 | Identified the ring of Sacaluc {rCorr rF- rC++} (You took it off a fire giant on level 5 of the Vaults)
 73484 | Vaults:5 | Got a shimmering hand axe {freeze}
 73485 | Vaults:5 | Identified the +9 hand axe of the Candelabrum {freeze, MR- Str+5} (You took it off a fire giant on level 5 of the Vaults)
 73574 | Vaults:5 | Identified the +6 great sword of Modesty {flame, rF++ rC+ Str+3} (You found it on level 5 of the Vaults)
 73580 | Vaults:5 | Identified Usuomuty's Disquisition on the Harmful Arsonist
 73721 | Vaults:5 | Identified the +5 hand axe of the Inferno {vamp, rF+} (You found it on level 5 of the Vaults)
 73805 | Vaults:5 | Reached skill level 10 in Long Blades
 73824 | Vaults:5 | Identified the +6 long sword "Duqot" {distort, Dex+5} (You took it off an ironheart preserver on level 5 of the Vaults)
 73865 | Vaults:5 | Identified the Grimoire of Damaging Augmentations
 74495 | Vaults:5 | Got a silver rune of Zot
 74507 | Vaults:5 | Found the +6 lightning scales {run, rElec}
 74741 | Vaults:5 | Identified Sif Muna's Reference Book on Stones
 75280 | Depths:5 | Reached skill level 27 in Fighting
 75331 | Depths:5 | Received a gift from Trog
 75347 | Depths:5 | Got a shimmering steel ring
 75399 | Depths:5 | Identified the ring "Jobic" {Fire Stlth+} (You took it off a deep elf mage on level 5 of the Depths)
 75888 | Depths:5 | Found Hibar's Jewellery Boutique.
 76215 | Depths:5 | Got a faintly glowing steel ring
 76217 | Depths:5 | Identified the ring "Zulyad" {rElec MR+ Int+4} (You took it off a tengu warrior on level 5 of the Depths)
 76318 | Depths:5 | Found a gateway to a ziggurat.
 76386 | Depths:5 | Reached XP level 26. HP: 273/273 MP: 25/25
 76463 | Depths:5 | Found Bashrept's Distillery.
 76648 | Depths:5 | Found a gate to the Realm of Zot.
 76843 | Depths:5 | Got a clouded glass ring
 76845 | Depths:5 | Identified the ring "Hiwk" {MR+ SInv} (You found it on level 5 of the Depths)
 76899 | Zot:1    | Entered Level 1 of the Realm of Zot
 76978 | Zot:1    | Noticed an orb of fire
 76996 | Zot:1    | Gained mutation: Your muscles are strong. (Str +2) [an orb of fire]
 77004 | Zot:1    | Killed an orb of fire
 77071 | Zot:1    | Received a gift from Trog
 77411 | Zot:1    | Reached skill level 27 in Armour
 78627 | Zot:2    | Received a gift from Trog
 78646 | Zot:2    | Reached XP level 27. HP: 183/281 MP: 25/25
 81474 | Zot:3    | Paralysed by you for 4 turns
 81494 | Zot:3    | Paralysed by you for 3 turns
 81907 | Zot:3    | Reached skill level 27 in Axes
 82218 | Zot:4    | Received a gift from Trog
 83506 | Zot:5    | Entered Level 5 of the Realm of Zot
 84055 | Zot:5    | Noticed an ancient lich
 84125 | Zot:5    | Killed an ancient lich
 84253 | Zot:5    | Noticed an ancient lich
 84274 | Zot:5    | Killed an ancient lich
 84810 | Slime:1  | Received a gift from Trog
 84825 | Slime:1  | Gained mutation: You are very dopey. (Int -4) [a shining eye]
 84833 | Slime:1  | Got a crystal war axe {god gift}
 84835 | Slime:1  | Identified the +2 war axe of the Coin {chop, +Fly rC+ Dex-4} (Trog gifted it to you on level 1 of the Pits of Slime)
 85745 | Slime:3  | Gained mutation: You occasionally shout uncontrollably at your foes. [mutagenic glow]
 86154 | Slime:4  | Reached skill level 27 in Shields
 86167 | Slime:3  | Reached skill level 15 in Long Blades
 86615 | Slime:3  | Received a gift from Trog
 86714 | Slime:2  | Paralysed by a floating eye for 3 turns
 87481 | Slime:5  | Entered Level 5 of the Pits of Slime
 87679 | Slime:4  | Gained mutation: Your spells are a little easier to cast, but a little less powerful. [a shining eye]
 87682 | Slime:4  | Gained mutation: Your magical capacity is very low. (-20% MP) [a shining eye]
 87683 | Slime:4  | Gained mutation: You are clumsy. (Dex -2) [a shining eye]
 87814 | Slime:5  | Received a gift from Trog
 88014 | Slime:5  | Found a viscous altar of Jiyva.
 88074 | Slime:5  | Noticed the Royal Jelly
 88096 | Slime:5  | Killed the Royal Jelly
 88096 | Slime:5  | Reached skill level 5 in Dodging
 88421 | Slime:5  | Got a sparkling emerald amulet
 88423 | Slime:5  | Identified the amulet "Xeitomp" {Faith rElec Str+2 Dex+4} (You found it on level 5 of the Pits of Slime)
 88448 | Slime:5  | Identified the Grimoire of Captivating Confrontation
 88472 | Slime:5  | Got a slimy rune of Zot
 88482 | Slime:5  | Identified the +2 scale mail of Begrah {rCorr Int-5 Slay+4} (You found it on level 5 of the Pits of Slime)
 88584 | Slime:5  | Identified the +9 mace of Conversion {crush, +Rage +Inv} (You found it on level 5 of the Pits of Slime)
 89229 | Depths:2 | You paid a toll of 17 potions of curing to enter a treasure trove
 89230 | Trove    | Entered a treasure trove
 89264 | Trove    | Got a warped flail
 89270 | Trove    | Got a twisted broad axe
 89272 | Trove    | Got a faintly glowing dagger
 89276 | Trove    | Got a warped morningstar
 89312 | Trove    | Got an encrusted longbow
 89508 | Vaults:2 | Identified the +10 flail "Mixisorute" {speed, rF+ rN+} (You found it in a treasure trove)
 89511 | Vaults:2 | Identified the +2 broad axe of the Living Dead {vamp, Dex+2} (You found it in a treasure trove)
 89513 | Vaults:2 | Identified the +4 dagger of Starshine {holy, +Rage rPois rF+ Str+4} (You found it in a treasure trove)
 89516 | Vaults:2 | Identified the cursed +1 morningstar of the Blessed Realm {freeze, MP+9 Dex+3} (You found it in a treasure trove)
 89518 | Vaults:2 | Gained mutation: Your spells are easier to cast, but less powerful. [mutagenic glow]
 89520 | Vaults:2 | Identified the +1 longbow of Fedhas's Pride {freeze, Int+3 Stlth+} (You found it in a treasure trove)
 89541 | Vaults:2 | Gained mutation: Your magical capacity is extremely low. (-30% MP) [mutagenic glow]
 89618 | D:14     | Gained mutation: You are very clumsy. (Dex -4) [mutagenic glow]
 89752 | Depths:5 | Bought a potion of haste for 130 gold pieces
 89752 | Depths:5 | Bought a potion of invisibility for 104 gold pieces
 89752 | Depths:5 | Bought a potion of resistance for 130 gold pieces
 89752 | Depths:5 | Bought a potion of agility for 52 gold pieces
 89752 | Depths:5 | Bought a potion of agility for 52 gold pieces
 89752 | Depths:5 | Bought a potion of might for 52 gold pieces
 89752 | Depths:5 | Bought a potion of mutation for 104 gold pieces
 89752 | Depths:5 | Bought a potion of mutation for 104 gold pieces
 89779 | Depths:4 | Bought a manual of Dodging for 1104 gold pieces
 89971 | Vaults:2 | Lost mutation: Your spells are easier to cast, but less powerful. [potion of mutation]
 89971 | Vaults:2 | Lost mutation: Your muscles are strong. (Str +2) [potion of mutation]
 89971 | Vaults:2 | Lost mutation: You are very dopey. (Int -4) [potion of mutation]
 89971 | Vaults:2 | Lost mutation: You are very clumsy. (Dex -4) [potion of mutation]
 89971 | Vaults:2 | Lost mutation: You are dopey. (Int -2) [potion of mutation]
 89971 | Vaults:2 | Gained mutation: You have sharp fingernails. [potion of mutation]
 89972 | Vaults:2 | Lost mutation: You possess an exceptional clarity of mind. [potion of mutation]
 89972 | Vaults:2 | Lost mutation: You occasionally shout uncontrollably at your foes. [potion of mutation]
 89972 | Vaults:2 | Lost mutation: You are clumsy. (Dex -2) [potion of mutation]
 89972 | Vaults:2 | Gained mutation: You are dopey. (Int -2) [potion of mutation]
 89972 | Vaults:2 | Gained mutation: You expend magic power (3 MP) to strengthen your wands. [potion of mutation]
 89973 | Vaults:2 | Lost mutation: You expend magic power (3 MP) to strengthen your wands. [potion of mutation]
 89973 | Vaults:2 | Lost mutation: You have sharp fingernails. [potion of mutation]
 89973 | Vaults:2 | Lost mutation: Your spells are a little easier to cast, but a little less powerful. [potion of mutation]
 89973 | Vaults:2 | Lost mutation: You are partially covered in rugged brown scales. (AC +1, +3% HP) [potion of mutation]
 89973 | Vaults:2 | Gained mutation: Armour fits poorly on your strangely shaped body. [potion of mutation]
 89973 | Vaults:2 | Gained mutation: Your muscles are strong. (Str +2) [potion of mutation]
 89973 | Vaults:2 | Gained mutation: You possess an exceptional clarity of mind. [potion of mutation]
 89974 | Vaults:2 | Lost mutation: Your magical capacity is extremely low. (-30% MP) [potion of mutation]
 89974 | Vaults:2 | Lost mutation: You are dopey. (Int -2) [potion of mutation]
 89974 | Vaults:2 | Gained mutation: Your flesh is heat resistant. (rF+) [potion of mutation]
 89986 | Vaults:2 | Lost mutation: You possess an exceptional clarity of mind. [potion of mutation]
 89986 | Vaults:2 | Lost mutation: Armour fits poorly on your strangely shaped body. [potion of mutation]
 89986 | Vaults:2 | Lost mutation: Your muscles are strong. (Str +2) [potion of mutation]
 89986 | Vaults:2 | Lost mutation: Your magical capacity is very low. (-20% MP) [potion of mutation]
 89986 | Vaults:2 | Gained mutation: You evolve. [potion of mutation]
 89986 | Vaults:2 | Gained mutation: Your spells are a little harder to cast, but a little more powerful. [potion of mutation]
 89986 | Vaults:2 | Gained mutation: You can translocate small distances at will. [potion of mutation]
 90485 | Tomb:1   | Noticed a greater mummy
 90486 | Tomb:1   | Noticed a greater mummy
 90749 | Crypt:3  | Gained mutation: Your body sometimes deteriorates upon taking damage. [evolution]
 90986 | Vaults:2 | Lost mutation: Your body sometimes deteriorates upon taking damage. [potion of mutation]
 90986 | Vaults:2 | Lost mutation: You evolve. [potion of mutation]
 90986 | Vaults:2 | Gained mutation: You are surrounded by a mild repulsion field. (EV +2) [potion of mutation]
 90986 | Vaults:2 | Lost mutation: You can translocate small distances at will. [potion of mutation]
 90986 | Vaults:2 | Gained mutation: Your mind is acute. (Int +2) [potion of mutation]
 90987 | Vaults:2 | Lost mutation: Your magical capacity is low. (-10% MP) [potion of mutation]
 90987 | Vaults:2 | Lost mutation: Your spells are a little harder to cast, but a little more powerful. [potion of mutation]
 90987 | Vaults:2 | Gained mutation: You are partially covered in large bone plates. (SH +4) [potion of mutation]
 90987 | Vaults:2 | Gained mutation: You are partially covered in iridescent scales. (AC +2) [potion of mutation]
 90987 | Vaults:2 | Gained mutation: Your flesh is cold resistant. (rC+) [potion of mutation]
 91148 | Hell     | Entered the Vestibule of Hell
 91148 | Hell     | Noticed Geryon
 91225 | Depths:1 | Reached skill level 10 in Dodging
 91641 | Hell     | Reached skill level 5 in Maces & Flails
 91922 | Hell     | Killed Geryon
 91922 | Hell     | Received a gift from Trog
 92093 | Hell     | Found a gateway to the Iron City of Dis.
 92182 | Hell     | Found a gateway to the freezing wastes of Cocytus.
 92285 | Hell     | Found a gateway to the decaying netherworld of Tartarus.
 92346 | Hell     | Found a gateway to the ashen valley of Gehenna.
 92577 | Coc:1    | Entered Level 1 of Cocytus
 92934 | Coc:1    | Received a gift from Trog
 93332 | Coc:1    | Gained mutation: Your body sometimes deteriorates upon taking damage. [mutagenic glow]
 94160 | Coc:5    | Received a gift from Trog
 94532 | Coc:5    | Reached skill level 15 in Dodging
 94856 | Coc:6    | Received a gift from Trog
 94951 | Coc:7    | Entered Level 7 of Cocytus
 95002 | Coc:7    | Reached skill level 10 in Maces & Flails
 95254 | Coc:7    | Received a gift from Trog
 95640 | Coc:7    | Noticed the Serpent of Hell
 95663 | Coc:7    | Killed the Serpent of Hell
 95978 | Coc:7    | Noticed Antaeus
 96005 | Coc:7    | HP: 12/273 [Antaeus/vampiric short sword (12)]
 96010 | Coc:7    | HP: 6/273 [Antaeus/flash freeze (12)]
 97143 | Coc:7    | Received a gift from Trog
 97186 | Coc:7    | Got an encrusted demon blade {god gift}
 97189 | Coc:7    | Identified the +7 demon blade of Izeufiff {slice, Str-4 Int+4} (Trog gifted it to you on level 7 of Cocytus)
 97357 | Coc:7    | Got an icy rune of Zot
 97543 | Geh:1    | Entered Level 1 of Gehenna
 97768 | Dis:1    | Entered Level 1 of the Iron City of Dis
 98640 | Depths:2 | Bought a +2 pair of boots of running for 788 gold pieces
 99197 | Depths:4 | Voluntarily entered the Abyss.
 99198 | Abyss:1  | Found a corrupted altar of Lugonu.
 99254 | Abyss:1  | Found a corrupted altar of Lugonu.
 99281 | Abyss:1  | Reached skill level 1 in Crossbows
100531 | Abyss:3  | HP: 6/269 [starcursed mass/accursed screaming (14)]
100533 | Abyss:3  | Slain by a vampire mage

Vault maps used:
D:1:      matt_arrival_grand_opening, minmay_misc_feat_plants
D:2:      hex_medium, uniq_terence
D:3:      kennysheep_ying_yang, vehumet_crystals, uniq_natasha
D:4:      serial_shops, shop, gammafunk_ghost_necromancy, first_ration,
          hangedman_ru_absence
D:5:      tso_altar, uniq_sigmund, uniq_menkaure
D:6:      minmay_temple_entry_mist, minmay_three_doors
D:7:      overflow_temple_1_default, grunt_temple_overflow_diamond,
          grunt_ogre_cave, nrook_mini_vaults, eino_tiny_chamber
D:8:      enter_bailey_2, grunt_gozag_statues, uniq_erica, uniq_maurice,
          uniq_prince_ribbit1
D:9:      eat_drink_and_be_merry_uskayaw, minmay_lair_entry_grove,
          kennysheep_small_circle, uniq_erolcha
D:10:     orc_0_dummy
D:11:     basic_altar
D:12:     glass_columns_a, uniq_harold
D:13:     grunt_vaults_entry_tiered
D:14:     nicolae_water_bricks, serial_shops, shop, st_stairs_13
D:15:     hangedman_depths_entry_civil_slaughter, minmay_splitting_lines
Lair:1:   lemuel_fruit_tree, uniq_nergalle, uniq_sonja, uniq_fannar
Lair:2:   basic_altar
Lair:3:   gammafunk_cloud_chamber, spider_nest_entry_a
Lair:4:   minmay_shoals_entry_hut, st_stairs_10
Lair:5:   beast_lair_carwin_3, grunt_megastairs_2
Lair:6:   gammafunk_lair_ancient_temple, slime_altar_1,
          nicolae_volcano_entry_batcave
Shoals:1: gammafunk_ghost_split, ldierk_geyser, regret_index_shoals_crete
Shoals:2: nicolae_shoals_hunting_party
Shoals:3: uniq_polyphemus, uniq_roxanne
Shoals:4: shoals_end_grunt_ice, shoals_ilsuiw_ice, uniq_aizul
Spider:3: einodemon_crawler_minivault
Spider:4: johnstein_spider_rune_arachne_lair, uniq_mara, uniq_donald
Slime:4:  cheibrodos_slime_lost_civilization_4
Orc:1:    nicolae_orc_crystal_geode
Orc:2:    st_orc_open, serial_shops, nicolae_shop_trees, basic_altar
Elf:1:    minmay_elf_arrival_circle, portal_ice_cave_entry_pillars_1,
          minmay_elf_demonology, item_on_display_a
Elf:3:    minmay_elf_hall_circle, serial_shops, shop
Vaults:1: hangedman_vaults_restitches, v_misc_30, nicolae_vaults_specimen_jars,
          v_misc_27, dpeg_vaults_monster_box, nicolae_vaults_little_squares_4,
          nicolae_vaults_three_branches, nicolae_vaults_little_ls,
          hangedman_vaults_capsules
Vaults:2: vaults_room_stairs_pillars, nicolae_vaults_ninety_degrees,
          ontoclasm_vaults_misaligned, minmay_crypt_entry_simple_plaza,
          ontoclasm_vaults_tryst, hangedman_vaults_maws,
          nicolae_vaults_alarming, nicolae_vaults_mini_display_case,
          nicolae_vaults_display_case, vaults_room_fours
Vaults:3: v_misc_3, st_smaller_cells, ontoclasm_vaults_decontamination,
          v_rooms_6, nicolae_vaults_yaktaur_gun_rack,
          hangedman_vaults_river_flow, nicolae_vaults_little_squares_1,
          vaults_standard_mumra_x, hangedman_vaults_hat, vaults_mumra_lcd,
          grunt_vaults_focal, vaults_dpeg_encased_lava, serial_glass,
          serial_shops, nicolae_shop_competitors_out_of_business
Vaults:4: nicolae_vaults_little_squares_4, v_misc_18, st_more_cells,
          v_pattern_1, v_misc_27, nicolae_vaults_network_square, v_misc_28,
          nicolae_vaults_twisting_passages, nicolae_vaults_ring_of_whatevers,
          hangedman_vaults_impose, nicolae_vaults_little_squares_2,
          ontoclasm_vaults_gateway, vaults_room_hallway, serial_shops, shop,
          basic_altar, uniq_saint_roka
Crypt:1:  ebering_ghost_rock_garden, serial_sigils_hangedman_confine
Crypt:3:  due_elkab
Depths:1: hangedman_coc_ice_floe, minivault_11, solitary_fountain,
          minmay_guarded_unrand_zonguldrok
Depths:2: minmay_bloctagon, minmay_misc_feat_diagonals, trove_entry_hex_spiral,
          serial_shops, shop, grunt_mini_vestibule
Depths:3: evilmike_cross, nicolae_two_hexagons, rand_demon_pan_entry_4,
          hell_entry, infiniplex_staircase_star, basic_stair_grate_trap,
          uniq_frederick
Depths:4: dpeg_oklob_gauntlet, hell_entry, minmay_misc_feat_tower, abyss_entry,
          infiniplex_staircase_trident, minmay_shop_star
Depths:5: hangedman_spin_cycle, hell_entry
Coc:7:    coc_grunt_cove
Zot:1:    hangedman_zot_decor_checkerboard, zot_minivault_4
Zot:2:    hangedman_elemental_grid_stream
Zot:3:    gammafunk_mikee_crab_dinner
Zot:5:    basic_stair_grate_trap
Trove:    trove_weapon_1
Bailey:   bailey_polearm_flooded_kennysheep, bailey
IceCv:    ice_cave_caverns_01
Volcano:  volcano_grotto

Skill      XL: |  1  2  3  4  5  6  7  8  9 10 11 12 13 14 15 16 17 18 19 20 21 22 23 24 25 26 27 |
---------------+----------------------------------------------------------------------------------+-----
Axes           | 4 5 6 7 8 10 12 13 14 15 16 17 18 19 21 22 23 25 27 | 27.0
Fighting       | 4 5 6 8 9 11 12 13 14 15 16 17 18 19 21 22 23 24 25 26 27 | 27.0
Armour         | 3 4 5 7 8 10 12 13 14 15 16 17 18 19 20 22 23 24 25 26 27 | 27.0
Polearms       | 1 2 6 7 |  7.8
Shields        | 4 8 10 11 12 13 15 17 18 20 22 25 27 | 27.0
Evocations     | 4 6 8 9 |  9.5
Maces & Flails | 2 4 13 | 13.0
Long Blades    | 5 9 11 22 | 22.6
Dodging        | 19 | 19.0
Crossbows      | 1 |  1.9

Action                   |  1- 3 |  4- 6 |  7- 9 | 10-12 | 13-15 | 16-18 | 19-21 | 22-24 | 25-27 || total
-------------------------+-------+-------+-------+-------+-------+-------+-------+-------+-------++-------
Melee: Hand axe          |    49 |   128 |   155 |    27 |       |       |       |       |       ||   359
       Headbutt          |     7 |    21 |    51 |    99 |   287 |   412 |   483 |   415 |  1058 ||  2833
       Morningstar       |       |       |    68 |    14 |       |       |       |       |       ||    82
       Spear             |       |       |    21 |       |       |       |       |       |       ||    21
       Halberd           |       |       |     8 |    81 |       |       |       |       |       ||    89
       Trident           |       |       |       |   537 |  1285 |   159 |     3 |       |       ||  1984
       Broad axe         |       |       |       |       |   154 |  1485 |  1665 |  1197 |  1584 ||  6085
       Eudemon blade     |       |       |       |       |       |       |       |       |  1430 ||  1430
       War axe           |       |       |       |       |       |       |       |       |   126 ||   126
 Fire: Hand crossbow     |       |       |       |       |       |       |       |       |     4 ||     4
Throw: Tomahawk          |       |       |    12 |    10 |       |       |       |       |       ||    22
       Javelin           |       |       |     2 |    11 |       |       |       |       |       ||    13
       Throwing net      |       |       |     1 |       |       |       |       |       |       ||     1
Invok: Berserk           |     1 |     2 |     7 |    16 |    13 |    12 |     3 |     1 |       ||    55
       Trog's Hand       |       |     2 |     5 |    17 |     9 |    12 |    12 |     4 |    28 ||    89
       Brothers in Arms  |       |       |       |     3 |     2 |     8 |     4 |     8 |    17 ||    42
 Abil: Blink             |       |       |       |       |       |       |       |       |     1 ||     1
Evoke: Wand              |       |       |       |     3 |     3 |     5 |     8 |     2 |    21 ||    42
       Phial of floods   |       |       |       |       |       |     1 |     3 |     3 |     3 ||    10
       Lamp of fire      |       |       |       |       |       |     1 |     2 |     4 |     4 ||    11
       Lightning rod     |       |       |       |       |       |       |     8 |       |       ||     8
       Sack of spiders   |       |       |       |       |       |       |     1 |     2 |     5 ||     8
       Phantom mirror    |       |       |       |       |       |       |       |     1 |     4 ||     5
       Box of beasts     |       |       |       |       |       |       |       |       |     6 ||     6
       Horn of Geryon    |       |       |       |       |       |       |       |       |     2 ||     2
  Use: Scroll            |       |       |    14 |     2 |    13 |    10 |    14 |    13 |    55 ||   121
       Potion            |       |       |     1 |     1 |       |     7 |     1 |     1 |    49 ||    60
 Stab: Distracted        |       |       |       |       |       |       |       |     3 |     3 ||     6
       Invisible         |       |       |       |       |       |       |       |       |     4 ||     4
       Paralysed         |       |       |       |       |       |       |       |       |     3 ||     3
  Eat: Chunk             |     1 |     9 |    15 |    36 |    59 |    23 |    14 |    25 |    14 ||   196
       Ration            |       |       |     2 |     4 |     6 |    16 |    11 |    10 |    31 ||    80
Armor: Animal skin       |     2 |       |       |       |       |       |       |       |       ||     2
       Ring mail         |     1 |       |       |       |    98 |       |       |       |       ||    99
       Chain mail        |    10 |    75 |   150 |   326 |   229 |       |       |       |       ||   790
       Skin              |       |       |       |     5 |       |       |     2 |       |       ||     7
       Plate armour      |       |       |       |       |   255 |   925 |    24 |       |       ||  1204
       Crystal plate arm |       |       |       |       |       |       |   617 |   681 |  1305 ||  2603
Dodge: Dodged            |    27 |    43 |    86 |   192 |   291 |   388 |   241 |   233 |   826 ||  2327
Block: Other             |     1 |     6 |    33 |    50 |       |     9 |       |    44 |    21 ||   164
       Reflection        |       |       |     3 |    21 |    30 |   122 |   102 |   154 |   136 ||   568
       Shield            |       |       |       |   234 |   884 |  1406 |  1108 |   532 |       ||  4164
       Large shield      |       |       |       |       |       |       |       |   491 |  4327 ||  4818
       Rpst.: Eudemon blade |       |       |       |       |       |       |       |       |    59 ||    59

Table legend:
 A = Spawn XP
 B = Non-spawn XP
 C = Spawn XP percentage of total XP
 D = Spawn monster count
 E = Non-spawn monster count
 F = Spawn count percentage of total count
 G = Total turns spent on level
                    A         B        C        D         E        F      G
               +---------+---------+-------+---------+---------+-------+---------
         Total |    8650 | 2302199 |   0.4 |      25 |    3363 |   0.7 | 100533
               +---------+---------+-------+---------+---------+-------+---------
           D:1 |       0 |      23 |   0.0 |       0 |      13 |   0.0 |   613
           D:2 |       0 |     111 |   0.0 |       0 |      21 |   0.0 |   776
           D:3 |       0 |     194 |   0.0 |       0 |      21 |   0.0 |  1264
           D:4 |       0 |     718 |   0.0 |       0 |      28 |   0.0 |   986
           D:5 |       0 |    1119 |   0.0 |       0 |      19 |   0.0 |   778
           D:6 |       0 |    1188 |   0.0 |       0 |      27 |   0.0 |  1213
           D:7 |       0 |    1054 |   0.0 |       0 |      23 |   0.0 |   633
           D:8 |       0 |    2743 |   0.0 |       0 |      22 |   0.0 |  1389
           D:9 |       0 |    4261 |   0.0 |       0 |      30 |   0.0 |  1323
          D:10 |       0 |    1185 |   0.0 |       0 |      20 |   0.0 |  1289
          D:11 |       0 |    5510 |   0.0 |       0 |      29 |   0.0 |  1842
          D:12 |       0 |    4432 |   0.0 |       0 |      15 |   0.0 |  1098
          D:13 |       0 |   14397 |   0.0 |       0 |      45 |   0.0 |  2098
          D:14 |       0 |    9390 |   0.0 |       0 |      34 |   0.0 |  1123
          D:15 |       0 |   18453 |   0.0 |       0 |      39 |   0.0 |  1748
        Lair:1 |       0 |    7728 |   0.0 |       0 |      24 |   0.0 |  1213
        Lair:2 |       0 |    4730 |   0.0 |       0 |      21 |   0.0 |   891
        Lair:3 |       0 |    6508 |   0.0 |       0 |      29 |   0.0 |  1827
        Lair:4 |       0 |    5015 |   0.0 |       0 |      24 |   0.0 |  1558
        Lair:5 |       0 |   12310 |   0.0 |       0 |      44 |   0.0 |  1833
        Lair:6 |       0 |   25040 |   0.0 |       0 |      76 |   0.0 |  1848
      Shoals:1 |       0 |   34456 |   0.0 |       0 |      65 |   0.0 |  1957
      Shoals:2 |       0 |   15868 |   0.0 |       0 |      34 |   0.0 |  1122
      Shoals:3 |       0 |   19321 |   0.0 |       0 |      31 |   0.0 |  2166
      Shoals:4 |       0 |   52335 |   0.0 |       0 |      88 |   0.0 |  2267
      Spider:1 |       0 |   16676 |   0.0 |       0 |      38 |   0.0 |  1717
      Spider:2 |       0 |   12704 |   0.0 |       0 |      39 |   0.0 |  2514
      Spider:3 |       0 |   20004 |   0.0 |       0 |      51 |   0.0 |  1534
      Spider:4 |       0 |   53134 |   0.0 |       0 |     111 |   0.0 |  2742
       Slime:1 |       0 |   10228 |   0.0 |       0 |      18 |   0.0 |  1811
       Slime:2 |       0 |   24125 |   0.0 |       0 |      33 |   0.0 |   784
       Slime:3 |       0 |   25930 |   0.0 |       0 |      42 |   0.0 |  1140
       Slime:4 |       0 |   12930 |   0.0 |       0 |      27 |   0.0 |   541
       Slime:5 |       0 |   34918 |   0.0 |       0 |      36 |   0.0 |  1110
         Orc:1 |       0 |    1715 |   0.0 |       0 |      15 |   0.0 |  1031
         Orc:2 |       0 |   17885 |   0.0 |       0 |      83 |   0.0 |  2538
         Elf:1 |       0 |   25053 |   0.0 |       0 |      40 |   0.0 |  1052
         Elf:2 |       0 |   35796 |   0.0 |       0 |      51 |   0.0 |  1260
         Elf:3 |       0 |   58364 |   0.0 |       0 |      52 |   0.0 |  2057
      Vaults:1 |       0 |   42621 |   0.0 |       0 |      72 |   0.0 |  2538
      Vaults:2 |       0 |   52299 |   0.0 |       0 |      77 |   0.0 |  2404
      Vaults:3 |       0 |   67309 |   0.0 |       0 |      96 |   0.0 |  2158
      Vaults:4 |       0 |   74202 |   0.0 |       0 |     105 |   0.0 |  2247
      Vaults:5 |       0 |  156426 |   0.0 |       0 |     134 |   0.0 |  1999
       Crypt:1 |       0 |   29867 |   0.0 |       0 |      36 |   0.0 |  1578
       Crypt:2 |       0 |   21294 |   0.0 |       0 |      36 |   0.0 |   989
       Crypt:3 |       0 |   80034 |   0.0 |       0 |     105 |   0.0 |  2341
        Tomb:1 |       0 |   23160 |   0.0 |       0 |      27 |   0.0 |   359
      Depths:1 |       0 |   41338 |   0.0 |       0 |      47 |   0.0 |  1878
      Depths:2 |       0 |   44148 |   0.0 |       0 |      57 |   0.0 |  1860
      Depths:3 |       0 |   79935 |   0.0 |       0 |      76 |   0.0 |  1838
      Depths:4 |       0 |   41141 |   0.0 |       0 |      44 |   0.0 |  2069
      Depths:5 |       0 |  103635 |   0.0 |       0 |     102 |   0.0 |  1946
          Hell |       0 |   62973 |   0.0 |       0 |      98 |   0.0 |  1853
         Geh:1 |       0 |   13172 |   0.0 |       0 |      27 |   0.0 |   192
         Coc:1 |       0 |   49405 |   0.0 |       0 |     105 |   0.0 |  1014
         Coc:2 |       0 |    1666 |   0.0 |       0 |       4 |   0.0 |    25
         Coc:3 |       0 |    2114 |   0.0 |       0 |       3 |   0.0 |    34
         Coc:4 |       0 |     889 |   0.0 |       0 |       6 |   0.0 |    10
         Coc:5 |       0 |   55597 |   0.0 |       0 |      60 |   0.0 |   647
         Coc:6 |       0 |   44453 |   0.0 |       0 |      54 |   0.0 |   226
         Coc:7 |       0 |  205409 |   0.0 |       0 |     199 |   0.0 |  2544
         Zot:1 |       0 |  104549 |   0.0 |       0 |      55 |   0.0 |  1527
         Zot:2 |       0 |   79992 |   0.0 |       0 |      45 |   0.0 |  1077
         Zot:3 |       0 |   90093 |   0.0 |       0 |      54 |   0.0 |  2036
         Zot:4 |       0 |   60235 |   0.0 |       0 |      36 |   0.0 |  1491
         Zot:5 |       0 |   56515 |   0.0 |       0 |      22 |   0.0 |   630
       Abyss:1 |    8006 |    2490 |  76.3 |      23 |       8 |  74.2 |   330
       Abyss:2 |     644 |       0 | 100.0 |       2 |       0 | 100.0 |   423
        Bailey |       0 |    2259 |   0.0 |       0 |      39 |   0.0 |  1376
         IceCv |       0 |   11299 |   0.0 |       0 |      59 |   0.0 |  1199
       Volcano |       0 |    4129 |   0.0 |       0 |      17 |   0.0 |   323
               +---------+---------+-------+---------+---------+-------+---------
